 Dungeon Crawl Stone Soup version 0.23.1 (webtiles) character file.

Game seed: 6853375874029750427

597 Chiseanne the Sneak (level 7, 0/75 HPs)
             Began as an Octopode Monk on Mar 2, 2019.
             Slain by a killer bee (1 damage)
             ... on level 8 of the Dungeon.
             The game lasted 00:07:30 (2963 turns).

Chiseanne the Sneak (Octopode Monk)                 Turns: 2963, Time: 00:07:30

Health: 0/75       AC: 23    Str: 15    XL:     7   Next: 40%
Magic:  7/7        EV:  2    Int: 13    God:
Gold:   201        SH:  0    Dex: 16    Spells: 6/6 levels left

rFire    . . .     SeeInvis .   a - +1 hand axe (flame)
rCold    . . .     Gourm    .   (no shield)
rNeg     + + +     Faith    +   (helmet currently unavailable)
rPois    +         Spirit   .   d - amulet of the Original Sin {Faith rElec}
rElec    +         Reflect  .   s - +5 ring of strength
rCorr    .         Harm     .   (no ring)
MR       .....     Clarity  +   (no ring) Stlth ++++......NoTele +
                                (no ring)
HPRegen  0.22/turn              (no ring)
MPRegen  0.10/turn              (no ring)
                                (no ring)
                                (no ring)

@: lethally poisoned (0 -> -2), tree-form
A: almost no armour, stealthy swim, (amphibious), 8 rings, (constrict 8),
clarity, deterioration 1
a: no special abilities


You were on level 8 of the Dungeon.
You were not hungry.
You were a tree.
You visited 1 branch of the dungeon, and saw 7 of its levels.

You collected 201 gold pieces.

Inventory:

Hand Weapons
 a - a +1 hand axe of flaming (weapon)
Missiles
 c - 140 stones (quivered)
 j - 19 sling bullets
 l - 3 tomahawks
 m - 41 arrows
Armour
 n - a +2 hat (melded)
Jewellery
 d - the amulet of the Original Sin (around neck) {Faith rElec}
   (You found it on level 4 of the Dungeon)

   [amulet of faith]

   It allows you to gain divine favour quickly.
   It insulates you from electricity.
 s - a +5 ring of strength (left branch)
Wands
 p - a wand of digging (6)
Scrolls
 e - 2 scrolls of amnesia
 f - a scroll of teleportation
 h - 3 scrolls of immolation
 q - a scroll of remove curse
 t - 2 scrolls of identify
Potions
 k - a potion of magic {unknown}
 o - a potion of lignification
 r - a potion of curing {unknown}
Comestibles
 b - 7 rations


   Skills:
 * Level 5.3 Fighting
 - Level 3.0 Axes
 * Level 5.3 Dodging
 * Level 6.9 Stealth


You had 6 spell levels left.
You didn't know any spells.
Your spell library was empty.

Dungeon Overview and Level Annotations

Branches:
Dungeon (8/15)
 Temple: D:4-7         Lair: D:8-11

Altars:
Cheibriados

Annotations:
D:5 2 transporters


Innate Abilities, Weirdness & Mutations

You cannot wear most types of armour.
You are very stealthy in the water. (Stealth+)
((You are amphibious.))
You can wear up to eight rings at the same time.
((You can use your tentacles to constrict eight enemies at once.))
((Your skin changes colour to match your surroundings (Stealth+).))
((Your rubbery body absorbs attacks. (AC +1, EV +1)))
You possess an exceptional clarity of mind.
Your body sometimes deteriorates upon taking damage.
((Your system is resistant to poisons. (rPois)))


Message History

* * * LOW HITPOINT WARNING * * *
The killer bee stings you but does no damage.
The killer bee stings you.
* * * LOW HITPOINT WARNING * * *
It was a potion of mutation.
You feel extremely strange.
Your thoughts seem clearer.
You feel yourself wasting away.
You feel resistant to poisons.
The killer bee stings you but does no damage. x4
You miss the killer bee.
The killer bee is almost dead.
You miss the killer bee.
You feel sick.
The killer bee stings you but does no damage. x6
You closely miss the killer bee.
The killer bee is almost dead.
You hit the killer bee. You burn the killer bee.
You feel sick. The killer bee stings you.
* * * LOW HITPOINT WARNING * * *
The killer bee stings you but does no damage. x2
The killer bee stings you.
You die...

.#########
.........#
.......♣.#
#?....y.y#
#........#
#........#
#........#
#........#
##########


You could see 2 killer bees.

Vanquished Creatures
  A black bear (D:2)
  2 ogres (D:4)
  A centaur (D:5)
  A killer bee (D:8)
  An orc priest (D:4)
  An orc wizard (D:4)
  A centaur skeleton (D:4)
  A worker ant (D:4)
  3 adders
  2 worms
  3 dart slugs
  3 leopard geckos
  6 orcs
  6 bats
  5 giant cockroaches
  7 goblins
  4 hobgoblins
  3 jackals (D:4)
  8 kobolds
  2 ball pythons
  2 frilled lizards
  A giant cockroach zombie (D:4)
  A leopard gecko skeleton (D:4)
  6 rats
71 creatures vanquished.

Notes
Turn   | Place    | Note
-------+----------+-------------------------------------------
     0 | D:1      | Chiseanne the Octopode Monk began the quest for the Orb.
     0 | D:1      | Reached XP level 1. HP: 16/16 MP: 1/1
   104 | D:1      | Reached skill level 3 in Stealth
   168 | D:1      | Reached XP level 2. HP: 17/21 MP: 2/2
   736 | D:2      | Reached XP level 3. HP: 26/26 MP: 3/3
  1073 | D:2      | Noticed a black bear
  1081 | D:2      | Killed a black bear
  1081 | D:2      | Reached skill level 4 in Stealth
  1081 | D:2      | Reached XP level 4. HP: 21/33 MP: 4/4
  1081 | D:2      | Reached XP level 5. HP: 23/37 MP: 5/5
  1647 | D:3      | Reached skill level 5 in Stealth
  1661 | D:3      | Found a faded altar of an unknown god.
  1884 | D:4      | Found a snail-covered altar of Cheibriados.
  2171 | D:4      | Reached XP level 6. HP: 41/44 MP: 6/6
  2350 | D:4      | Reached skill level 6 in Stealth
  2540 | D:4      | Reached skill level 5 in Fighting
  2540 | D:4      | Reached skill level 5 in Dodging
  2540 | D:4      | Reached XP level 7. HP: 38/50 MP: 7/7
  2726 | D:4      | Got a faintly glowing silver amulet
  2735 | D:4      | Identified the amulet of the Original Sin {Faith rElec}
                  | (You found it on level 4 of the Dungeon)
  2794 | D:5      | Entered Level 5 of the Dungeon
  2920 | D:5      | Found a transporter.
  2933 | D:5      | Found a transporter.
  2943 | D:5      | You fall through a shaft for 2 floors!
  2944 | D:7      | Noticed a hornet
  2961 | D:8      | Gained mutation: You possess an exceptional clarity of
                  | mind. [potion of mutation]
  2961 | D:8      | Gained mutation: Your body sometimes deteriorates upon
                  | taking damage. [potion of mutation]
  2961 | D:8      | Gained mutation: Your system is resistant to poisons.
                  | (rPois) [potion of mutation]
  2963 | D:8      | HP: 1/75 [killer bee (6)]
  2963 | D:8      | Slain by a killer bee

Skill      XL: |  1  2  3  4  5  6 |
---------------+-------------------+-----
Stealth        | 3 4 5 6 |  6.9
Fighting       | 4 5 |  5.3
Dodging        | 4 5 |  5.3
Axes           | |  3.0

Action                   |  1- 3 |  4- 6 |  7- 9 || total
-------------------------+-------+-------+-------++-------
Melee: Hand axe          |    56 |    73 |    14 ||   143
       Constrict         |    15 |    20 |     1 ||    36
       Tentacles         |     7 |    20 |     1 ||    28
  Use: Scroll            |     4 |     7 |     1 ||    12
       Potion            |       |     1 |     3 ||     4
 Stab: Sleeping          |    14 |    14 |     2 ||    30
       Distracted        |     1 |       |       ||     1
  Eat: Chunk             |       |     5 |     1 ||     6
Armor: Skin              |     6 |     8 |    70 ||    84
Dodge: Dodged            |    47 |    53 |    15 ||   115
